 Dungeon Crawl Stone Soup version 0.24.0-7-gb3623d2c88 (webtiles) character file.

Game seed: 2458848724805702806, levelgen mode: deterministic

20549 Aviak the Covert (level 12, -26/72 HPs)
             Began as an Octopode Enchanter on Nov 2, 2019.
             Was a High Priest of Ru.
             Killed from afar by an ice dragon (51 damage)
             ... with a blast of cold
             ... in an ice cave.
             The game lasted 00:56:04 (22404 turns).

Aviak the Covert (Octopode Enchanter)              Turns: 22404, Time: 00:56:05

Health: -26/72     AC:  1    Str:  6    XL:     12   Next: 80%
Magic:  14/25      EV: 21    Int: 21    God:    Ru [*****.]
Gold:   897        SH:  0    Dex: 17    Spells: 4/16 levels left

rFire    + + .     SeeInvis +   k - +1 dagger (venom)
rCold    . . .     Gourm    .   (no shield)
rNeg     + . .     Faith    +   (helmet restricted)
rPois    +         Spirit   .   l - amulet of faith {!P}
rElec    .         Reflect  .   Z - ring of see invisible
rCorr    +         Harm     .   F - ring of protection from fire
MR       .....                  A - ring of protection from fire
Stlth    +++++++...             j - +4 ring of intelligence
HPRegen  0.22/turn              h - ring of resist corrosion
MPRegen  0.19/turn              G - ring of positive energy
                                b - ring of magical power
                                (no ring)

@: very slightly contaminated, invisible
A: almost no armour, stealthy swim, amphibious, 8 rings, constrict 8, camouflage
1, frail 1, poison resistance, screaming 1, weak 1, gelatinous body 1, subdued
magic 1, magic vulnerability 1, disrupted magic 1, unskilled 1
a: Draw Out Power, Power Leap, Apocalypse, Renounce Religion


You were in an ice cave.
You worshipped Ru.
Ru was extremely pleased with you.
You were not hungry.

You visited 3 branches of the dungeon, and saw 15 of its levels.
You also visited: Bailey and Ice Cave.

You collected 1117 gold pieces.
You spent 220 gold pieces at shops.

Inventory:

Hand Weapons
 k - a +1 dagger of venom (weapon)
Armour
 B - a +0 large shield of reflection
Jewellery
 b - a ring of magical power (on tentacle)
 h - a ring of resist corrosion (on tentacle)
 j - a +4 ring of intelligence (on tentacle)
 l - an amulet of faith (around mantle) {!P}
 v - an uncursed amulet of guardian spirit
 A - a ring of protection from fire (on tentacle)
 F - a ring of protection from fire (right tentacle)
 G - a ring of positive energy (on tentacle)
 Z - a ring of see invisible (left tentacle)
Wands
 a - a wand of clouds (7)
 n - a wand of acid (24)
 p - a wand of polymorph (16)
 u - a wand of paralysis (20)
 H - a wand of random effects (14)
 J - a wand of disintegration (9)
 K - a wand of flame (16)
 L - a wand of digging (4)
Scrolls
 d - a scroll of enchant armour
 g - 5 scrolls of enchant weapon
 i - 3 scrolls of identify
 m - 3 scrolls of fog
 q - 2 scrolls of magic mapping
 r - 7 scrolls of remove curse
 t - 10 scrolls of teleportation
 x - 2 scrolls of blinking
 y - 2 scrolls of amnesia
 z - 4 scrolls of vulnerability {!r}
 D - a scroll of silence {!r}
 I - a scroll of torment {!r}
 M - a scroll of fear
Potions
 e - a potion of brilliance
 f - 2 potions of haste
 o - 2 potions of flight
 s - 4 potions of agility
 w - 2 potions of lignification {!q}
Miscellaneous
 C - a phial of floods (inert)
Comestibles
 c - 15 rations


   Skills:
 + Level 6.8 Fighting
 - Level 8.2 Short Blades
 + Level 10.7 Dodging
 + Level 14.7 Stealth
 - Level 2.7 Spellcasting
 - Level 1.7 Conjurations
 - Level 5.5 Hexes


You had 4 spell levels left.
You knew the following spells:

 Your Spells              Type           Power        Failure   Level  Hunger
a - Corona                Hex            ###....      1%          1    None
b - Ensorcelled Hibernat  Hex/Ice        ##....       9%          2    ##.....
c - Confuse               Hex            ###.....     5%          3    ###....
d - Tukima's Dance        Hex            ###.....     5%          3    ###....
e - Dazzling Spray        Conj/Hex       ##....       12%         3    ###....

Your spell library contained the following spells:

 Spells                   Type           Power        Failure   Level  Hunger
 Confusing Touch          Hex            ###...       1%          1    None
 Shock                    Conj/Air       #...         12%         1    None
 Swiftness                Chrm/Air       #.......     24%         2    ##.....
 Static Discharge         Conj/Air       #.......     32%         3    ###....
 Gell's Gravitas          Tloc           #.........   43%         3    ###....
 Airstrike                Air            #.........   83%         4    ####...
 Petrify                  Tmut/Erth      #.......     83%         4    ####...
 Metabolic Englaciation   Hex/Ice        ##........   80%         5    ######.
 Yara's Violent Unravell  Hex/Tmut       ##........   80%         5    ######.
 Lightning Bolt           Conj/Air       #.........   96%         5    ######.


Dungeon Overview and Level Annotations

Branches:
Dungeon (12/15)            Temple (1/1) D:6            Lair (2/6) D:8
    Orc (0/2) D:9          Bailey (visited)           IceCv (1/1)
  Swamp: Lair:2-4    Shoals: Lair:2-4     Snake: Lair:2-4    Spider: Lair:2-4

Altars:
Ashenzari
Cheibriados
Dithmenos
Elyvilon
Fedhas
Gozag
Hepliaklqana
Kikubaaqudgha
Makhleb
Nemelex Xobeh
Okawaru
Qazlal
Ru
Sif Muna
Trog
Uskayaw
Vehumet
Wu Jian
Xom
Yredelemnul
Zin
The Shining One
Lugonu

Shops:
D:5 %[}!   D:10 %   D:11 %

Annotations:
D:7 2 transporters
D:11 exclusion: ice statue


Innate Abilities, Weirdness & Mutations

You cannot wear most types of armour.
You are very stealthy in the water. (Stealth+)
You are amphibious.
You can wear up to eight rings at the same time.
You can use your tentacles to constrict eight enemies at once.
Your skin changes colour to match your surroundings (Stealth+).
You are frail. (-10% HP)
Your rubbery body absorbs attacks. (AC +1, EV +1)
You are slightly vulnerable to magic. (MR-)
Your casting is slightly disrupted.
You are somewhat unskilled. (-1 Apt)
Your system is resistant to poisons. (rPois)
You occasionally shout uncontrollably at your foes.
You are weak. (Str -2)
Your spells are a little easier to cast, but a little less powerful.


Message History

Casting: Confuse (safe; 5% risk of failure)
Confirm with . or Enter, or press ? or * to list all spells.
Aiming: Dazzling Spray (safe; 12% risk of failure)
Press: ? - help, Shift-Dir - straight line, f - ice dragon
Aim: an ice dragon (lightly wounded, catching its breath)
The spray of energy hits the ice dragon.
The ice dragon is lightly wounded.
The ice dragon is dazzled.
The ice dragon closely misses you. The ice dragon claws you!
The ice dragon closely misses you.
Found 57 gold pieces and a ring of positive energy.
You hit the ice dragon but do no damage.
You squeeze the ice dragon, but do no damage.
The ice dragon is lightly wounded.
You barely miss the ice dragon. Your squeeze misses the ice dragon.
The ice dragon is lightly wounded.
The ice dragon breathes frost at you. The blast of cold hits you!!!
Ouch! That really hurt!
You die...

########
#..@...####
#....D#......##
......###.##...#
......
###..##### .....
#.##...# ==..$
#....#.## #$$$
##.###..## ####
### ##..####
##....##


You could see an ice dragon (blind).

Vanquished Creatures
  A hydra (D:12)
  An unseen horror (D:12)
  4 orc knights (Bailey)
  An ugly thing (D:12)
  3 cyclopes
  An elephant (Lair:2)
  2 ice statues (IceCv)
  A black mamba (Lair:1)
  2 spiny frogs (Lair:1)
  2 rime drakes (IceCv)
  A komodo dragon (Lair:1)
  Prince Ribbit (D:8)
  A hornet (D:12)
  2 trolls
  4 hippogriffs
  3 slime creatures
  A shadow (D:11)
  A wraith (D:12)
  A wyvern (D:12)
  A vampire (D:11)
  Eustachio (D:6)
  10 yaks
  A hungry ghost (D:12)
  An acid dragon (D:12)
  A porcupine (Lair:1)
  2 water moccasins
  5 orc warriors
  2 sky beasts
  2 black bears
  26 ice beasts
  An eye of draining (D:12)
  A necrophage (D:9)
  2 centaurs
  8 ogres
  A big kobold (D:11)
  A crocodile (Lair:1)
  Blork the orc (D:6)
  6 bullfrogs
  A water moccasin zombie (D:7)
  A wyvern skeleton (D:7)
  4 scorpions
  A water moccasin skeleton (D:9)
  8 killer bees
  7 wights
  4 howler monkeys
  7 electric eels (D:11)
  6 crimson imps
  4 bullfrog zombies
  A centaur zombie (D:8)
  3 jellies
  A quasit (D:11)
  6 hounds
  11 orc priests
  A centaur skeleton (D:9)
  A bullfrog skeleton (D:10)
  2 iguanas
  14 orc wizards
  8 worker ants
  A hound zombie (D:5)
  A worker ant zombie (D:5)
  Robin (D:2)
  A gnoll (D:1)
  A howler monkey skeleton (D:8)
  10 adders
  2 shadow imps
  3 oozes (D:1)
  2 adder zombies
  5 worms
  An adder skeleton (D:6)
  2 dart slugs
  4 leopard geckos
  86 orcs
  11 bats
  5 giant cockroaches
  18 goblins
  16 hobgoblins
  15 jackals
  16 kobolds
  5 quokkas
  2 ball pythons (D:1)
  3 frilled lizards
  A giant cockroach zombie (D:3)
  A leopard gecko skeleton (D:4)
  A quokka skeleton (D:7)
  14 rats
  A butterfly (Lair:1)
  A plant (D:8)
427 creatures vanquished.

Vanquished Creatures (collateral kills)
  Harold (D:10)
  2 orc warriors
  2 ogres
  A wight (D:9)
  A quokka (D:12)
7 creatures vanquished.

Vanquished Creatures (others)
  A komodo dragon (Lair:1)
  9 dancing weapons
  An ogre (D:9)
  A centaur zombie (D:9)
  3 orc priests (D:9)
  4 orcs (D:9)
  A quokka (D:9)
20 creatures vanquished.

Grand Total: 454 creatures vanquished

Notes
Turn   | Place    | Note
-------+----------+-------------------------------------------
     0 | D:1      | Aviak the Octopode Enchanter began the quest for the Orb.
     0 | D:1      | Reached XP level 1. HP: 11/11 MP: 3/3
    38 | D:1      | Reached XP level 2. HP: 17/17 MP: 5/5
   437 | D:1      | Reached XP level 3. HP: 19/21 MP: 6/6
   469 | D:1      | HP: 1/21 [kobold/+0 short sword (3)]
   746 | D:1      | Learned a level 2 spell: Ensorcelled Hibernation
   750 | D:1      | Learned a level 3 spell: Confuse
  1101 | D:1      | Reached XP level 4. HP: 27/27 MP: 7/7
  1931 | D:2      | Noticed Robin
  1932 | D:2      | Found a hide-covered altar of Uskayaw.
  2251 | D:2      | Killed Robin
  2359 | D:2      | Reached XP level 5. HP: 20/31 MP: 7/9
  2658 | D:2      | Learned a level 3 spell: Tukima's Dance
  2793 | D:3      | Reached skill level 5 in Stealth
  3276 | D:3      | Reached XP level 6. HP: 28/36 MP: 5/10
  3381 | D:3      | Found a snail-covered altar of Cheibriados.
  4192 | D:4      | Reached skill level 6 in Stealth
  4192 | D:4      | Reached XP level 7. HP: 27/41 MP: 7/11
  4307 | D:5      | Entered Level 5 of the Dungeon
  4310 | D:5      | Found Kiezukk's Gadget Shop.
  4314 | D:5      | Bought a wand of acid (6) for 220 gold pieces
  4315 | D:5      | Found Pig Ecuo's Distillery.
  4348 | D:5      | Gained mutation: You are weak. (Str -2) [potion of
                  | mutation]
  4348 | D:5      | Gained mutation: Your spells are a little easier to cast,
                  | but a little less powerful. [potion of mutation]
  4348 | D:5      | Gained mutation: You occasionally shout uncontrollably at
                  | your foes. [potion of mutation]
  4348 | D:5      | Gained mutation: Your system is resistant to poisons.
                  | (rPois) [potion of mutation]
  4505 | D:5      | Found Wasemiwe's Armour Emporium.
  5508 | D:5      | Found Muish's Food Shop.
  5532 | D:5      | Found a blossoming altar of Fedhas.
  5649 | D:6      | Reached skill level 7 in Stealth
  5649 | D:6      | Reached skill level 5 in Hexes
  5664 | D:6      | Reached XP level 8. HP: 29/46 MP: 7/12
  5713 | D:6      | Found a staircase to the Ecumenical Temple.
  5748 | Temple   | Entered the Ecumenical Temple
  6002 | Temple   | Became a worshipper of Ru the Awakened
  6353 | D:6      | Noticed Eustachio
  6371 | D:6      | Killed Eustachio
  6524 | D:6      | Noticed Blork the orc
  6537 | D:6      | Killed Blork the orc
  6788 | D:6      | Found a shattered altar of Ashenzari.
  6812 | D:6      | Reached skill level 5 in Dodging
  7008 | D:6      | Found a shimmering blue altar of Sif Muna.
  7040 | D:6      | Reached skill level 8 in Stealth
  7516 | D:7      | Found a transporter.
  7516 | D:7      | Noticed a kobold demonologist
  7516 | D:7      | Noticed a kobold demonologist
  7526 | D:7      | Found a radiant altar of Vehumet.
  7540 | D:7      | Gained mutation: You are frail. (-10% HP) [Ru sacrifice]
  7540 | D:7      | Reached * piety under Ru
  7540 | D:7      | Reached ** piety under Ru
  7545 | D:7      | Learned a level 3 spell: Dazzling Spray
  7602 | D:7      | Reached skill level 5 in Short Blades
  7718 | D:7      | Reached skill level 1 in Fighting
  7739 | D:7      | Found a flagged portal.
  7766 | Bailey   | Entered a bailey
  8368 | Bailey   | Noticed an orc knight
  8368 | Bailey   | Noticed an orc knight
  8368 | Bailey   | Noticed an orc knight
  8372 | Bailey   | Killed an orc knight
  8372 | Bailey   | Reached skill level 9 in Stealth
  8372 | Bailey   | Reached XP level 9. HP: 48/49 MP: 3/13
  8569 | Bailey   | Killed an orc knight
  8569 | Bailey   | Reached skill level 10 in Stealth
  8571 | Bailey   | Killed an orc knight
  8881 | Bailey   | Noticed an orc knight
  8890 | Bailey   | Killed an orc knight
  8890 | Bailey   | Reached skill level 5 in Fighting
  8890 | Bailey   | Reached skill level 11 in Stealth
  8890 | Bailey   | Reached XP level 10. HP: 41/59 MP: 14/14
  9066 | D:7      | Found a hazy altar of Hepliaklqana.
  9200 | D:7      | Found a transporter.
  9387 | D:7      | Gained mutation: Your casting is slightly disrupted. [Ru
                  | sacrifice]
  9810 | D:8      | Found a staircase to the Lair.
  9886 | D:8      | Found an iron altar of Okawaru.
  9962 | D:8      | Found a white marble altar of Elyvilon.
 10145 | D:8      | Found an ornate altar of the Wu Jian Council.
 10177 | D:8      | HP: 1/61 [hippogriff (8)]
 10441 | D:8      | Noticed Prince Ribbit
 10444 | D:8      | Killed Prince Ribbit
 10472 | D:8      | Found a shimmering blue altar of Sif Muna.
 10472 | D:8      | Found an opulent altar of Gozag.
 10473 | D:8      | Found a shimmering altar of Xom.
 10477 | D:8      | Found a sparkling altar of Nemelex Xobeh.
 11034 | D:9      | Reached skill level 1 in Conjurations
 11075 | D:9      | Reached skill level 12 in Stealth
 11435 | D:9      | Gained mutation: You are slightly vulnerable to magic.
                  | (MR-) [Ru sacrifice]
 11435 | D:9      | Reached *** piety under Ru
 11435 | D:9      | Reached **** piety under Ru
 11675 | D:9      | Paralysed by an orc for 4 turns
 12325 | D:9      | Found a blossoming altar of Fedhas.
 12325 | D:9      | Found an ancient bone altar of Kikubaaqudgha.
 12326 | D:9      | Found a glowing golden altar of the Shining One.
 12356 | D:9      | Reached XP level 11. HP: 38/64 MP: 2/15
 12618 | D:9      | Found a staircase to the Orcish Mines.
 12975 | D:9      | Found a shimmering altar of Xom.
 12997 | D:9      | Found a shadowy altar of Dithmenos.
 13781 | D:10     | Entered Level 10 of the Dungeon
 13795 | D:10     | Reached skill level 13 in Stealth
 14146 | D:10     | Found Arime's Food Emporium.
 14171 | D:10     | Noticed Harold
 14438 | D:10     | Found a glowing silver altar of Zin.
 14498 | D:10     | Killed Harold
 15010 | D:11     | Noticed a cyan ugly thing
 16112 | D:11     | Noticed a cyclops
 16121 | D:11     | Killed a cyclops
 16173 | D:11     | Reached skill level 10 in Dodging
 16461 | D:11     | Noticed a cyclops
 16520 | D:11     | Killed a cyclops
 16743 | D:11     | Found Dozuo's Food Emporium.
 16776 | D:11     | Reached skill level 14 in Stealth
 17657 | D:12     | Noticed a red ugly thing
 17669 | D:12     | Killed a red ugly thing
 17907 | D:12     | Noticed a four-headed hydra
 17993 | D:12     | Reached XP level 12. HP: 71/71 MP: 16/16
 18218 | D:12     | Killed a four-headed hydra
 19150 | D:12     | Reached skill level 15 in Stealth
 19638 | Lair:1   | Entered Level 1 of the Lair of Beasts
 19864 | Lair:1   | Gained mutation: You are somewhat unskilled. (-1 Apt) [Ru
                  | sacrifice]
 19864 | Lair:1   | Reduced skill Dodging to level 10
 19864 | Lair:1   | Reduced skill Stealth to level 14
 19864 | Lair:1   | Reduced skill Conjurations to level 1
 19864 | Lair:1   | Reduced skill Hexes to level 5
 19864 | Lair:1   | Reached ***** piety under Ru
 20585 | Lair:2   | Found a frozen archway.
 20594 | IceCv    | Entered an ice cave
 22395 | IceCv    | Noticed an ice dragon
 22396 | IceCv    | Noticed an ice dragon
 22404 | IceCv    | Killed from afar by an ice dragon

Levels and vault maps discovered:
D:1:      erik_arrival_gehennom, layout_basic
D:2:      cheibrodos_greedy_goblins, layout_loops_cross, old_standard_altar,
          minmay_crystal_room, uniq_robin
D:3:      cheibrodos_old_hovel, layout_rooms, kennysheep_slug_shrine
D:4:      layout_rooms, minmay_misc_feat_ornament
D:5:      layout_loops_ring, first_ration, serial_shops, nicolae_shop_trees,
          shop, nicolae_shop_waterfront, shop, fedhas_altar_2
D:6:      layout_basic, kennysheep_little_box, minmay_temple_entry_grid,
          basic_altar, serial_corexii_hall, corexii_hall_statues_l,
          corexii_hall_statues_x, uniq_eustachio, uniq_blork_the_orc
D:7:      gammafunk_wand_slinger, layout_loops_corners, kennysheep_mini_moat,
          enter_bailey_3, basic_altar
D:8:      layout_loops_ring, kennysheep_mini, lemuel_round_altar, minitemple,
          elyvilon_altar_1, dpeg_oklobed_lair, st_stairs_12, grunt_ogre_cave,
          kennysheep_potato, uniq_prince_ribbit1
D:9:      layout_stronghold, nicolae_dithmenos_through_a_glass_darkly,
          chequers_temple_overflow_statue_of_worship, hiddenorc2_lemuel,
          xom_confusion_cloud
D:10:     layout_basic, serial_shops, shop_statue, basic_altar,
          chequers_decorated_corner, uniq_harold
D:11:     minmay_twisted_water, layout_loops_ring, serial_rivers,
          chequers_serial_rivers_micro_e, chequers_serial_rivers_small_a,
          chequers_serial_rivers_small_3, chequers_serial_rivers_small_b,
          chequers_serial_rivers_micro_a, serial_shops, shop_fountains
D:12:     layout_loops_cross
Temple:   corrupted_temple
Lair:1:   layout_small_grid, chequers_serial_rivers_micro_a, lemuel_fruit_fields
Lair:2:   layout_concentric_octagons, minmay_shoals_entry_hut,
          portal_ice_cave_entry_pillars_1, cheibrodos_lair_caveside_slide,
          chequers_serial_rivers_micro_b, lemuel_fruit_tree,
          infiniplex_staircase_pool_2, uniq_nergalle
IceCv:    ice_cave_small_dragons

Skill      XL: |  1  2  3  4  5  6  7  8  9 10 11 12 |
---------------+-------------------------------------+-----
Short Blades   | 2 3 4 5 6 8 8 |  8.2
Stealth        | 5 6 7 9 11 12 14 14 | 14.7
Dodging        | 3 4 6 7 9 10 10 | 10.7
Spellcasting   | 3 2 |  2.7
Hexes          | 4 5 6 5 |  5.5
Fighting       | 2 5 6 |  6.8
Conjurations   | 2 1 |  1.7

Action                   |  1- 3 |  4- 6 |  7- 9 | 10-12 || total
-------------------------+-------+-------+-------+-------++-------
Melee: Dagger            |    72 |   199 |   197 |   900 ||  1368
       Constrict         |    20 |    46 |    35 |   108 ||   209
       Tentacles         |    12 |    28 |    31 |   176 ||   247
 Cast: Corona            |     6 |     3 |       |       ||     9
       Confuse           |       |     8 |    58 |   123 ||   189
       Ensorcelled Hiber |       |     5 |     3 |    51 ||    59
       Tukima's Dance    |       |       |     3 |    34 ||    37
       Dazzling Spray    |       |       |       |    40 ||    40
Invok: Sacrifice Health  |       |       |     1 |       ||     1
       Sacrifice Essence |       |       |       |     2 ||     2
       Draw Out Power    |       |       |       |     2 ||     2
       Reject Sacrifices |       |       |       |     1 ||     1
       Sacrifice Skill   |       |       |       |     1 ||     1
Evoke: Wand              |       |       |     2 |     5 ||     7
       Phial of floods   |       |       |       |     1 ||     1
  Use: Scroll            |       |     6 |     5 |    12 ||    23
       Potion            |       |     1 |     6 |     2 ||     9
 Stab: Sleeping          |    14 |    17 |    18 |    54 ||   103
       Confused          |       |     8 |     6 |    51 ||    65
       Distracted        |       |     1 |       |     6 ||     7
       Invisible         |       |       |       |    24 ||    24
       Paralysed         |       |       |       |     2 ||     2
  Eat: Chunk             |     1 |    11 |     7 |    39 ||    58
       Ration            |       |       |     4 |     7 ||    11
Armor: Skin              |     4 |    20 |    55 |    15 ||    94
Dodge: Dodged            |    44 |    95 |   117 |   527 ||   783
